 Dungeon Crawl Stone Soup version 0.15-a0-1269-g8ca96ae (webtiles) character file.

80 MDvedh the Vexing (level 4, -1/24 HPs)
             Began as a Gargoyle Enchanter on June 5, 2014.
             Was an Initiate of Dithmenos.
             Slain by a gnoll
             ... wielding a +2,+0 vampiric halberd
              (3 damage)
             ... on Level 2 of the Dungeon.
             The game lasted 00:04:07 (1336 turns).

MDvedh the Vexing (Gargoyle Enchanter)              Turns: 1336, Time: 00:04:07

HP  -1/24        AC  6     Str 12      XL: 4   Next: 39%
MP   6/7         EV 12     Int 15      God: Dithmenos [......]
Gold 25          SH  0     Dex 11      Spells:  2 memorised,  4 levels left

rFire  . . .     SeeInvis .     a - +1 dagger
rCold  . . .     Clarity  .     b - +1 robe
rNeg   + . .     rCorr    .     (no shield)
rPois  +         rRot     +     (no helmet)
rElec  +         Spirit   .     (no cloak)
SustAb .         Warding  .     (no gloves)
rMut   .         Stasis   .     (no boots)
Gourm  .                        (no amulet)
MR     .....                    (no ring)
                                (no ring)

@: not resistant to hostile enchantments, unstealthy
A: life protection 1, electricity resistance, unbreathing, petrification
resistance, rot immunity, AC +3
a: Renounce Religion


You were on level 2 of the Dungeon.
You worshipped Dithmenos.
Dithmenos was noncommittal.
You were not hungry.

You visited 1 branch of the dungeon, and saw 2 of its levels.

You collected 25 gold pieces.

Inventory:

Hand weapons
 a - a +1,+1 dagger (weapon)
Missiles
 e - a throwing net (quivered)
Armour
 b - a +1 robe (worn)
Comestibles
 d - 2 bread rations
 g - a slice of pizza
 p - 2 chunks of hobgoblin flesh
Scrolls
 h - 2 scrolls of remove curse {unknown}
 j - a scroll of noise {unknown}
 n - a scroll of amnesia {unknown}
Jewellery
 l - an uncursed ring of see invisible {unknown}
Potions
 f - a potion of restore abilities {unknown}
 i - 2 potions of might {unknown}
 k - a potion of paralysis {unknown}
 m - a potion of curing {unknown}
 o - a potion of invisibility {unknown}
Books
 c - a book of Maledictions

   Spells                             Type                      Level
   *Corona                            Hexes                        1
   Sure Blade                         Hexes/Charms                 2
   *Ensorcelled Hibernation           Hexes/Ice                    2
   Confuse                            Hexes                        3
   Dazzling Spray                     Conjuration/Hexes            3
   Enslavement                        Hexes                        4


   Skills:
 + Level 0.8 Short Blades
 - Level 1.5 Dodging
 - Level 3.2 Stealth
 - Level 2.0 Spellcasting
 + Level 4.0 Hexes
 - Level 2.1 Ice Magic


You had 4 spell levels left.
You knew the following spells:

 Your Spells              Type           Power        Failure   Level  Hunger
a - Ensorcelled Hibernat  Hex/Ice        ##....       12%         2    ###....
b - Corona                Hex            ##.....      4%          1    #......


Dungeon Overview and Level Annotations

Branches:
Dungeon (2/15)

Altars:
Dithmenos


Innate Abilities, Weirdness & Mutations

You are resistant to torment.
You are immune to poison.
Your stone body is very resilient (AC +3).
You resist negative energy.
You are resistant to electric shocks.
You can survive without breathing.
You are immune to petrification.
You are immune to rotting.


Message History

Press: ? - help, Shift-Dir - straight line, f - gnoll
Aim: a gnoll The gnoll looks drowsy...
The gnoll barely misses you.
Unknown command.
The helpless gnoll fails to defend itself.
You puncture the gnoll!
The gnoll is severely wounded.
You hit the gnoll.
The gnoll is severely wounded.
The gnoll barely misses you.
The gnoll hits you from afar with a glowing halberd!
Ouch! That really hurt!
* * * LOW HITPOINT WARNING * * *
Unknown command.
Found a stone staircase leading up.
There is a stone staircase leading up here.
The gnoll hits you.
* * * LOW HITPOINT WARNING * * *
The gnoll hits you from afar with a glowing halberd.
You die...

. #.. # #... ..## ....### #
#..# ..... ... .. #...
..... #.... ###..# #.#.#
...#### .....#
#.#.###....... #.##g#
##'#gg@...# #.##.#
##..g####.####### #.##.#
##.....###.#..... # .....#
##.......##.#.#.##.#
#...####.........#..%...#.#
....g...%........'........#
#...###..........###....#.#
#..## ###.......## #......#
#)### ##.....## ####.###


You could see 3 gnolls.

Vanquished Creatures
  A gnoll (D:2)
  3 adders (D:2)
  A giant gecko (D:2)
  A ball python (D:2)
  4 giant cockroaches
  6 goblins
  3 hobgoblins
  4 jackals (D:1)
  7 bats (D:1)
  4 giant newts
  3 kobolds
  11 rats
48 creatures vanquished.

Notes
Turn   | Place    | Note
--------------------------------------------------------------
     0 | D:1      | MDvedh, the Gargoyle Enchanter, began the quest for the Orb.
     0 | D:1      | Reached XP level 1. HP: 10/10 MP: 3/3
   232 | D:1      | Reached XP level 2. HP: 15/15 MP: 4/4
   236 | D:1      | Learned a level 2 spell: Ensorcelled Hibernation
   682 | D:1      | Reached XP level 3. HP: 15/19 MP: 6/6
  1110 | D:2      | Reached skill level 4 in Hexes
  1203 | D:2      | Reached skill level 1 in Ice Magic
  1203 | D:2      | Reached XP level 4. HP: 24/24 MP: 4/7
  1258 | D:2      | Found a shadowy altar of Dithmenos.
  1266 | D:2      | Became a worshipper of Dithmenos the Shadowed
  1336 | D:2      | Slain by a gnoll

Action                   |  1- 3 |  4- 6 || total
-------------------------+-------+-------++-------
Melee: Dagger            |   156 |    13 ||   169
 Cast: Ensorcelled Hiber |     2 |     4 ||     6
 Stab: Sleeping          |     6 |     4 ||    10
